 Dungeon Crawl Stone Soup version 0.28-a0-413-gde365fb1df (webtiles) character file.

Game seed: 39650155541037069

126 lunkers the Magician (level 5, -5/35 HPs)
             Began as a Djinni Earth Elementalist on Sept 7, 2021.
             Slain by a wyvern (11 damage)
             ... on level 4 of the Dungeon.
             The game lasted 00:06:04 (2881 turns).

lunkers the Magician (Djinni Earth Elementalist)    Turns: 2881, Time: 00:06:04

Health: -5/35      AC:  2    Str:  7    XL:     5   Next: 31%
Gold:   125        EV: 12    Int: 18    God:
                   SH:  0    Dex: 13

rFire   + + .      SeeInvis .   (no weapon)
rCold   x . .      Faith    .   (no shield)
rNeg    + . .      Spirit   .   b - +0 robe
rPois   ∞          Reflect  .   (no helmet)
rElec   .          Harm     .   (no cloak)
rCorr   .          Rampage  .   (no gloves)
Will    .....                   (boots unavailable)
Stlth   ++........              (no amulet)
HPRegen 0.11/turn               k - ring of positive energy
MPRegen 0.00/turn               (no ring)

@: flying, very slightly contaminated
A: sickness immunity, fire resistance 2, cold vulnerability 1, float, innate
caster, hp casting, extra vitality 1
a: no special abilities


You were on level 4 of the Dungeon.
You visited 1 branch of the dungeon, and saw 4 of its levels.

You collected 125 gold pieces.

Inventory:

Missiles
 c - 75 stones
 m - 4 curare-tipped darts
Armour
 b - a +0 robe (worn)
Jewellery
 k - a ring of positive energy (left hand)
Wands
 n - a wand of mindburst (10)
Scrolls
 a - 3 scrolls of enchant armour {unknown}
 g - 3 scrolls of identify {unknown}
 h - 2 scrolls of teleportation {unknown}
 i - a scroll of magic mapping {unknown}
 o - a scroll of fog {unknown}
 p - a scroll of fear {unknown}
 r - a scroll of amnesia {unknown}
Potions
 d - a potion of degeneration {unknown}
 e - a potion of flight {unknown}
 f - a potion of cancellation {unknown}
 j - 2 potions of haste {unknown}
 l - 4 potions of curing {unknown}
 q - a potion of might {unknown}
 s - a potion of magic {unknown}


   Skills:
 + Level 2.6 Dodging
 + Level 2.0 Stealth
 + Level 4.1 Spellcasting


You couldn't memorise any spells.
You knew the following spells:

 Your Spells              Type           Power      Damage    Failure   Level
a - Stone Arrow           Conj/Erth      36%        3d9       9%          3
b - Passwall              Tmut/Erth      15%        N/A       4%          2
c - Sting                 Tmut/Pois      72%        1d6       2%          1
d - Petrify               Tmut/Erth      18%        N/A       26%         4
e - Sandblast             Erth           36%        2d10      2%          1
f - Wereblood             Tmut           18%        N/A       4%          2
Your spell library was empty.

Dungeon Overview and Level Annotations

Branches:
Dungeon (3/15)             Temple (0/1) D:4

Altars:
Qazlal

Shops:
D:2 ?


Innate Abilities, Weirdness & Mutations

You are immune to sickness and miasma.
You are immune to poison.
Your flesh is very heat resistant. (rF++)
You are vulnerable to cold. (rC-)
You float through the air rather than walking.
You learn spells naturally, not from books.
Your magical power is your life essence.
You have superior vitality. (+4 HP)


Message History

You see here an iguana corpse.
You now have 125 gold pieces (gained 11).
Found a stormy altar of Qazlal.
A wyvern comes into view.
A wyvern is nearby!
A wyvern is nearby!
A wyvern is nearby!
Found an escape hatch in the floor.
Casting: Stone Arrow (dangerous; 9% risk of failure)
Confirm with . or Enter, or press ? or * to list all spells.
The stone arrow misses the wyvern.
The wyvern hisses angrily.
Casting: Stone Arrow (dangerous; 9% risk of failure)
Confirm with . or Enter, or press ? or * to list all spells.
The stone arrow hits the wyvern.
The wyvern is lightly wounded.
The wyvern bites you.
Casting: Stone Arrow (dangerous; 9% risk of failure)
Confirm with . or Enter, or press ? or * to list all spells.
The stone arrow hits the wyvern!
The wyvern is heavily wounded.
The wyvern bites you. The wyvern misses you.
Casting: Stone Arrow (dangerous; 9% risk of failure)
Confirm with . or Enter, or press ? or * to list all spells.
You miscast Stone Arrow.
You are very lightly contaminated with residual magic.
Nothing appears to happen.
* * * LOW HITPOINT WARNING * * *
The wyvern bites you!
* * * LOW HITPOINT WARNING * * *
Casting: Stone Arrow (dangerous; 9% risk of failure)
Confirm with . or Enter, or press ? or * to list all spells.
Aiming: Stone Arrow (dangerous; 9% risk of failure)
Press: ? - help, Shift-Dir - straight line, f/p - wyvern
Aim: a wyvern (heavily wounded, 68% to hit)
The stone arrow hits the wyvern!
The wyvern is almost dead.
* * * LOW HITPOINT WARNING * * *
The wyvern bites you!
You die...

≈.≈...........#
..≈≈≈≈........#
≈≈≈≈≈.........#####
≈≈≈≈≈..............
._≈≈....##.........
>8≈≈.$..##.........
≈≈≈≈....##.........
≈≈≈≈≈...##.........
≈≈≈≈≈....l@........
...≈..........###+#
..........#####
..#.......# .
#..#....+ .......
#..#....#####
.......
#..#....†...######
....... #
##+##....#....#
....#.+#
#...'....'....#


You could see a wyvern.

Vanquished Creatures
  An iguana (D:4)
  Terence (D:3)
  An adder (D:2)
  A worm (D:2)
  3 dart slugs
  7 endoplasms
  2 giant cockroaches
  6 goblins
  7 hobgoblins
  4 jackals (D:2)
  A quokka (D:1)
  2 ball pythons
  6 bats
  4 frilled lizards (D:1)
  3 kobolds
  8 rats
57 creatures vanquished.

Notes
Turn   | Place    | Note
-------+----------+-------------------------------------------
     0 | D:1      | lunkers the Djinni Earth Elementalist began the quest for
                  | the Orb.
     0 | D:1      | Reached XP level 1. HP: 15/15 MP: 0/0
   165 | D:1      | Reached XP level 2. HP: 19/21 MP: 0/0
   603 | D:1      | Reached skill level 3 in Spellcasting
   704 | D:1      | Reached XP level 3. HP: 23/25 MP: 0/0
   704 | D:1      | Learned a level 1 spell: Sting
  1084 | D:2      | Found Suzeutar's Magic Scroll Shoppe.
  1419 | D:2      | Reached XP level 4. HP: 14/31 MP: 0/0
  2255 | D:3      | Noticed Terence
  2261 | D:3      | Killed Terence
  2347 | D:3      | Found a faded altar of an unknown god.
  2357 | D:3      | You are sucked into a shaft and drop 1 floor!
  2558 | D:4      | Reached XP level 5. HP: 26/35 MP: 0/0
  2558 | D:4      | Learned a level 2 spell: Wereblood
  2645 | D:4      | Found a staircase to the Ecumenical Temple.
  2736 | D:4      | Reached skill level 4 in Spellcasting
  2872 | D:4      | Found a stormy altar of Qazlal.
  2872 | D:4      | Noticed a wyvern
  2881 | D:4      | Slain by a wyvern

Illustrated notes

Levels and vault maps discovered:
D:1:      shiori_shiawase, layout_basic, minmay_tall_x
D:2:      layout_basic, serial_shops, nicolae_shop_trees
D:3:      layout_basic, chequers_temple_overflow_statue_of_worship,
          basic_ecumenical_altar, serial_aquarium, aquarium_bridge_square
          [aquarium_subvault_bridge, aquarium_subvault_wall,
          aquarium_subvault_wall, aquarium_subvault_wall],
          aquarium_bridge_square [aquarium_subvault_window,
          aquarium_subvault_bridge, aquarium_subvault_bridge,
          aquarium_subvault_bridge], aquarium_window_2, aquarium_window_1,
          aquarium_view_2f, aquarium_view_2c, aquarium_pool_1, minivault_19,
          uniq_terence
D:4:      layout_gridville, nicolae_qazlal_general_emergency,
          minmay_temple_entry_sparse_star, uniq_grinder

Skill      XL: |  1  2  3  4  5 |
---------------+----------------+-----
Spellcasting   | 3 4 |  4.1
Stealth        | 2 |  2.0
Dodging        | |  2.6

Action                   |  1- 3 |  4- 6 || total
-------------------------+-------+-------++-------
Melee: Unarmed           |       |     1 ||     1
 Cast: Sandblast         |    27 |       ||    27
       Sting             |    33 |    12 ||    45
       Stone Arrow       |       |    21 ||    21
 Stab: Sleeping          |       |     1 ||     1
Armor: Robe              |     5 |     1 ||     6
Dodge: Dodged            |    18 |     6 ||    24

Table legend: (Time is in decaauts)
 A = Elapsed time spent in this place.
 B = Non-inter-level travel time spent in this place.
 C = Inter-level travel time spent in this place.
 D = Time resting spent in this place.
 E = Time spent auto-exploring this place.
 F = Levels seen in this place.
 G = Mean time per level.
                   A        B        C        D        E       F      G
               +--------+--------+--------+--------+--------+-----+--------+
         Total |   2880 |   2815 |     65 |    221 |   2246 |   4 |  720.0 |
       Dungeon |   2880 |   2815 |     65 |    221 |   2246 |   4 |  720.0 |
               +--------+--------+--------+--------+--------+-----+--------+

Top non-repeatable levels by time:
     D:1: 1078 daAuts
     D:2: 1024 daAuts
     D:4: 523 daAuts
     D:3: 254 daAuts
